 Dungeon Crawl Stone Soup version 0.19.0-16-g73b5abf (webtiles) character file.

81 ufetubus the Poker (level 4, -2/37 HPs)
             Began as a Demigod Fighter on Nov 10, 2016.
             Slain by Edmund
             ... wielding a +2 flail of pain
              (5 damage)
             ... on level 4 of the Dungeon.
             The game lasted 00:04:42 (2313 turns).

ufetubus the Poker (Demigod Fighter)                Turns: 2313, Time: 00:04:43

Health: -2/37      AC:  8    Str: 21    XL:     4   Next: 0%
Magic:  6/6        EV:  5    Int: 12    God:
Gold:   180        SH:  9    Dex: 15    Spells: 0 memorised, 3 levels left

rFire  . . .     SeeInvis .     a - +0 trident
rCold  . . .     Gourm    .     n - +0 chain mail
rNeg   . . .     Faith    .     c - +0 shield
rPois  .         Spirit   .     (no helmet)
rElec  .         Reflect  .     (no cloak)
rCorr  .         Harm     .     (no gloves)
MR     .....                    (no boots)
Stlth  ..........               (no amulet)
                                (no ring)
                                (no ring)

@: no status effects
A: high mp 1
a: no special abilities


You were on level 4 of the Dungeon.
You were not hungry.

You visited 1 branch of the dungeon, and saw 4 of its levels.

You collected 180 gold pieces.

Inventory:

Hand Weapons
 a - a +0 trident (weapon)
Armour
 b - a +0 scale mail
 c - a +0 shield (worn)
 n - a +0 chain mail (worn)
Jewellery
 s - an uncursed amulet of guardian spirit {unknown}
 v - an uncursed ring of flight {unknown}
Wands
 t - a wand of random effects (22/48)
Scrolls
 e - 10 scrolls of identify {unknown}
 k - a scroll of enchant weapon {unknown}
 m - a scroll of teleportation {unknown}
 o - 3 scrolls of remove curse {unknown}
 p - 2 scrolls of random uselessness {unknown}
 u - a scroll of fog {unknown}
Potions
 d - 2 potions of might
 h - a potion of haste {unknown}
 i - 2 potions of curing {unknown}
 l - 4 potions of heal wounds {unknown}
 r - 2 potions of mutation {unknown}
Comestibles
 f - 2 bread rations
 g - 3 meat rations
 j - 2 beef jerkies
 q - a chunk of flesh


   Skills:
 - Level 2.7 Fighting
 + Level 4.0 Polearms
 - Level 2.6 Armour
 - Level 2.6 Shields


You had 3 spell levels left.
You didn't know any spells.

Dungeon Overview and Level Annotations

Branches:
Dungeon (4/15)
 Temple: D:4-7

Annotations:
D:4 Edmund


Innate Abilities, Weirdness & Mutations

You have an increased reservoir of magic. (+10% MP)


Message History

You are too injured to fight recklessly!
You hit Edmund but do no damage.
Edmund is severely wounded.
Edmund hits you with a flail of pain!
* * * LOW HITPOINT WARNING * * *
You writhe in agony.
* * * LOW HITPOINT WARNING * * *
You hit Edmund.
Edmund is severely wounded.
Edmund barely misses you.
You hit Edmund but do no damage.
Edmund is severely wounded.
You block Edmund's attack.
You closely miss Edmund.
Edmund is severely wounded.
Edmund barely misses you.
You hit Edmund but do no damage.
Edmund is severely wounded.
Edmund hits you with a flail of pain.
You die...

...###. ....... .......
....... ....... .......##
#...@.# #@# ... #.#......
######### #.#.....#
...#....# #.#.....#
...#....# ######.#.....#
........###............#
.......................#.
.....####................
###### #..........#.##.


You could see Edmund.

Vanquished Creatures
  An adder (D:2)
  5 worms
  4 leopard geckos
  2 orcs (D:3)
  3 giant cockroaches
  4 goblins
  3 hobgoblins
  3 jackals (D:3)
  9 kobolds
  A quokka (D:3)
  4 ball pythons (D:3)
  4 bats
  4 frilled lizards
  7 rats
54 creatures vanquished.

Notes
Turn   | Place    | Note
-------+----------+-------------------------------------------
     0 | D:1      | ufetubus the Demigod Fighter began the quest for the Orb.
     0 | D:1      | Reached XP level 1. HP: 18/18 MP: 3/3
    71 | D:1      | Reached skill level 2 in Polearms
   377 | D:1      | Reached XP level 2. HP: 23/25 MP: 4/4
   732 | D:2      | Reached skill level 3 in Polearms
  1263 | D:2      | Reached XP level 3. HP: 30/30 MP: 5/5
  1407 | D:3      | Found a glowing golden altar of the Shining One.
  1407 | D:3      | Found a snail-covered altar of Cheibriados.
  1893 | D:3      | Reached skill level 4 in Polearms
  2257 | D:4      | Reached XP level 4. HP: 36/37 MP: 6/6
  2290 | D:4      | Noticed Edmund
  2313 | D:4      | Slain by Edmund

Skill      XL: |  1  2  3 |
---------------+----------+-----
Polearms       | 2 3 4 |  4.0
Fighting       | |  2.7
Armour         | |  2.6
Shields        | |  2.6

Action                   |  1- 3 |  4- 6 || total
-------------------------+-------+-------++-------
Melee: Trident           |   211 |    23 ||   234
  Eat: Chunk             |     5 |       ||     5
Armor: Scale mail        |    27 |       ||    27
       Chain mail        |    54 |     4 ||    58
Dodge: Dodged            |    39 |     6 ||    45
Block: Shield            |    84 |     6 ||    90
